Map: Ice and Chrome LE

Players

liquidthermy (uThermal)

  • Race: Terran Terran
  • Spawn Location: 1:00

ShaDoWn - Winner!

  • Race: Protoss Protoss
  • Spawn Location: 7:00

Event: DreamHack SC2 Masters 2020 Summer Europe

VOD

Have the link to the VOD?

Description

Time

  • Played on: July 4, 2020, 10:27 a.m.
  • Length: 9:45

All games in this series

Show
View Real Time Build Order
Export as new Build Order

liquidthermy Terran 

Build Orders: Reaper Expand 

Get SALT Encoding   

  12  0:01  SCV  
  13  0:13  SCV  
  14  0:18  Supply Depot  
  14  0:25  SCV  
  15  0:39  SCV  
  15  0:41  Barracks  
  16  0:43  Refinery  
  16  0:51  SCV  
  17  1:03  SCV  
  18  1:16  SCV  
  19  1:28  Reaper  
  19  1:29  Orbital Command  
  20  1:40  Command Center  
  20  1:50  Supply Depot  
  20  1:54  SCV  
  20  2:00  Marine  
  22  2:06  SCV  
  23  2:09  Factory  
  23  2:14  Refinery  
  23  2:19  SCV  
  23  2:20  Barracks Reactor  
  24  2:31  SCV  
  24  2:33  Bunker  
  25  2:43  SCV  
  26  2:51  Orbital Command  
  26  2:53  Starport  
  26  2:55  SCV  
  26  2:58  Hellion  
  29  3:03  Marine x2  
  30  3:07  SCV  
  31  3:18  SCV  
  31  3:19  SCV, Factory Tech Lab  
  33  3:21  Marine x2  
  35  3:30  SCV  
  35  3:31  SCV  
  37  3:35  Supply Depot  
  37  3:39  Marine x2  
  37  3:40  Raven  
  41  3:42  SCV  
  41  3:43  SCV, Factory Tech Lab  
  43  3:54  SCV  
  44  3:57  Marine x2  
  44  3:59  SCV  
  45  4:03  Siege Tank  
  45  4:05  Supply Depot  
  45  4:06  SCV  
  49  4:12  SCV  
  49  4:15  Command Center  
  49  4:16  Marine  
  51  4:17  Marine  
  51  4:20  SCV  
  53  4:27  SCV  
  53  4:28  Barracks  
  54  4:32  SCV  
  54  4:36  Barracks  
  54  4:38  Siege Tank  
  58  4:40  Marine x2  
  58  4:45  Supply Depot  
  60  4:46  SCV  
  60  4:47  SCV  
  62  4:59  Engineering Bay  
  62  5:01  Engineering Bay  
  62  5:05  Refinery  
  62  5:06  Marine x2  
  66  5:07  SCV x2  
  62  5:19  SCV  
  62  5:20  Marine  
  62  5:21  Stimpack, Starport Reactor  
  64  5:22  SCV  
  64  5:24  Marine  
  64  5:27  Barracks  
  64  5:28  Missile Turret  
  66  5:29  Orbital Command  
  66  5:30  Factory Reactor, Barracks  
  66  5:32  Marine  
  67  5:37  Combat Shield, Marauder  
  67  5:38  Marine, SCV  
  67  5:40  SCV  
  67  5:42  Marine  
  66  5:53  Marine  
  66  5:56  Refinery  
  66  5:57  Marauder  
  71  5:59  Terran Infantry Weapons Level 1, Terran Infantry Armor Level 1  
  71  6:00  Marauder  
  71  6:02  SCV  
  72  6:04  Marine  
  72  6:07  Supply Depot x2, Widow Mine  
  72  6:08  Widow Mine  
  77  6:11  Marine  
  77  6:12  Supply Depot  
  77  6:15  Barracks Tech Lab  
  78  6:20  Barracks Reactor  
  78  6:22  Marine  
  78  6:23  Supply Depot  
  78  6:24  SCV  
  77  6:27  Marauder  
  77  6:28  Widow Mine  
  77  6:30  Widow Mine  
  83  6:37  Marine x2  
  83  6:38  Marauder  
  83  6:39  Concussive Shells  
  87  6:42  Medivac  
  87  6:46  Orbital Command, Supply Depot  
  89  6:47  Marine  
  89  6:49  Marauder  
  89  6:50  Widow Mine  
  89  6:53  Widow Mine  
  94  6:55  Marine  
  94  6:57  Marine  
  94  6:58  Marauder  
  94  6:59  Marauder  
  100  7:03  Medivac  
  100  7:04  Supply Depot  
  102  7:08  Marine x2  
  102  7:10  Marauder  
  102  7:11  Widow Mine  
  102  7:12  SCV  
  102  7:13  SCV  
  110  7:16  Medivac  
  110  7:19  Marine x2  
  114  7:22  Marine  
  114  7:23  Marauder  
  114  7:26  Marine x2  
  114  7:28  Supply Depot  
  119  7:31  Marine  
  119  7:33  Medivac  
  122  7:39  Supply Depot, Marine  
  122  7:41  Supply Depot  
  122  7:42  Supply Depot, Marine  
  122  7:43  Marauder  
  126  7:45  Widow Mine  
  126  7:46  Widow Mine  
  126  7:48  Marine  
  131  7:53  Supply Depot  
  116  8:14  Widow Mine  
  95  8:22  Marine  
  95  8:23  Marauder  
  95  8:24  Widow Mine  
  95  8:25  Viking x2  
  95  8:26  SCV  
  95  8:27  SCV x2  
  91  8:30  Marauder x2, Marine  
  91  8:33  Armory  
  93  8:34  Marine  
  93  8:35  Marine, Widow Mine  
  93  8:38  SCV  
  93  8:39  SCV  
  93  8:40  Marine  
  100  8:43  Marine  
  100  8:45  Widow Mine  
  100  8:48  Marine  
  104  8:51  Marine  
  104  8:52  Marauder, Marine  
  104  8:53  Marine  
  109  8:58  Viking  
  109  9:02  Marauder, Viking  
  110  9:08  Marine  
  110  9:09  Marine  
  105  9:10  Marauder  
  105  9:16  Marauder, Marine  
  108  9:21  Marine  
  103  9:26  Marine x2  
Show
View Real Time Build Order
Export as new Build Order

ShaDoWn Protoss - Winner!

Build Orders: 1 Gate Expand, Zealot Archon, Archon Drop, Colossus Rush, Dark Templar Rush 

Get SALT Encoding   

  12  0:00  Probe  
  13  0:13  Probe  
  14  0:16  Pylon  
  14  0:24  Probe  
  15  0:29  Assimilator  
  15  0:32  Probe  
  15  0:40  Probe  
  16  0:45  Gateway  
  17  0:51  Probe  
  18  1:03  Probe  
  19  1:16  Probe  
  20  1:22  Nexus  
  20  1:32  Cybernetics Core  
  20  1:34  Probe  
  20  1:39  Assimilator  
  21  1:46  Probe  
  22  1:48  Pylon  
  22  1:58  Stalker, Probe  
  23  2:08  Warp Gate  
  23  2:10  Probe  
  26  2:18  Twilight Council  
  26  2:25  Probe  
  26  2:28  Adept  
  29  2:31  Probe  
  29  2:33  Probe  
  30  2:39  Probe  
  30  2:41  Probe  
  32  2:49  Probe  
  34  2:52  Probe  
  34  2:57  Dark Shrine  
  35  3:01  Probe  
  35  3:05  Probe  
  37  3:09  Probe  
  37  3:10  Gateway  
  37  3:17  Probe x2  
  39  3:20  Robotics Facility  
  39  3:24  Pylon  
  40  3:27  Probe  
  40  3:29  Probe  
  40  3:32  Stalker  
  44  3:36  Assimilator  
  44  3:39  Probe  
  44  3:40  Assimilator  
  44  3:41  Probe  
  46  3:51  Probe  
  46  3:53  Pylon, Probe  
  48  3:59  Warp Prism  
  47  4:03  Probe  
  47  4:05  Probe  
  51  4:11  Robotics Bay  
  51  4:15  Probe  
  52  4:17  Probe  
  52  4:23  Nexus  
  53  4:28  Pylon  
  53  4:29  Probe  
  54  4:33  Dark Templar, Observer  
  54  4:35  Probe  
  58  4:39  Dark Templar  
  58  4:45  Pylon  
  60  4:47  Colossus, Probe  
  60  4:50  Probe  
  63  5:03  Probe  
  63  5:04  Pylon  
  69  5:08  Probe  
  70  5:14  Shield Battery  
  70  5:15  Probe  
  70  5:20  Probe  
  72  5:21  Dark Templar x2  
  72  5:25  Archon  
  72  5:26  Archon  
  72  5:27  Charge  
  76  5:29  Pylon  
  76  5:32  Probe  
  77  5:39  Gateway  
  77  5:41  Colossus  
  77  5:43  Probe  
  78  5:50  Probe  
  78  5:51  Probe  
  78  5:55  Sentry  
  78  5:56  Probe  
  89  6:02  Gateway, Probe  
  89  6:03  Probe  
  89  6:04  Gateway x2  
  91  6:06  Sentry  
  91  6:08  Probe, Pylon  
  94  6:14  Probe  
  94  6:15  Extended Thermal Lance, Probe  
  96  6:20  Forge, Probe  
  96  6:25  Immortal  
  97  6:31  Gateway  
  97  6:33  Gateway  
  97  6:36  Probe  
  102  6:40  Assimilator, Pylon  
  102  6:44  Gateway, Assimilator  
  102  6:46  Sentry  
  104  6:47  Zealot x2  
  104  6:52  Warp Prism  
  103  7:01  Dark Templar x2  
  103  7:02  Zealot  
  110  7:12  Zealot x3  
  110  7:13  Gateway, Archon  
  116  7:21  Protoss Ground Weapons Level 1  
  116  7:22  Pylon  
  116  7:25  Dark Templar x2  
  116  7:28  Pylon  
  120  7:31  Phoenix, Archon  
  120  7:34  Pylon  
  120  7:42  Dark Templar, Immortal  
  120  7:43  Dark Templar, Zealot x2  
  120  7:44  Zealot x2  
  132  7:48  Archon  
  131  7:51  Zealot  
  137  8:04  Zealot x3  
  137  8:05  Zealot x3  
  149  8:11  Zealot  
  129  8:13  Probe  
  129  8:18  Zealot x2  
  122  8:23  Observer  
  122  8:24  Zealot x2  
  122  8:25  Zealot x3  
  125  8:40  Dark Templar  
  125  8:41  Dark Templar x3  
  131  8:42  Zealot  
  131  8:44  Stalker  
  131  8:45  Stalker  
  131  8:47  Archon x2  
  131  8:48  Sentry x2  
  141  8:50  Stalker  
  143  9:07  Stalker x3  
  133  9:19  Stalker x7  
  145  9:32  Dark Templar, Zealot  
  149  9:41  Zealot  
  149  9:42  Zealot  
Tags
 
Add a new tag
Caveats
  • Supply blocks, unpowered buildings, or Contaminate may cause inaccurate times.
  • Supply counts are checked every 10 seconds.